 Dungeon Crawl Stone Soup version 0.29.1-debian-1-gc3f1650bb9 (webtiles) character file.

Game seed: 18336965157417266006

956 mdonais the Fighter (level 8, 0/82 (89) HPs)
             Began as an Ogre Warper on Sept 12, 2022.
             Was an Initiate of Ashenzari.
             Succumbed to a killer bee's poison
             ... on level 5 of the Dungeon.
             The game lasted 00:25:02 (7456 turns).

mdonais the Fighter (Ogre Warper)                   Turns: 7456, Time: 00:25:03

HP:   0/82 (89)     AC:  3    Str: 18    XL:     8   Next: 14%
MP:   19/21         EV:  9    Int: 14    God:    Ashenzari [......]
Gold: 188           SH:  0    Dex:  8    Spells: 3/12 levels left

rFire   + + .      SeeInvis .   x - +6 flail (holy)
rCold   + . .      Faith    .   (no shield)
rNeg    . . .      Spirit   .   b - +0 robe
rPois   +          Reflect  .   (helmet restricted)
rElec   +          Harm     .   (no cloak)
rCorr   +          Rampage  .   (gloves unavailable)
Will    .....                   (boots unavailable)
Stlth   +.........              (no amulet)
HPRegen 0.23/turn               h - ring of magical power
MPRegen 0.17/turn               f - ring of protection from fire

@: lethally poisoned (0 -> -7), resistant, on blink cooldown, flying, hasted,
drained, very quick
A: large, unfitting armour, tough skin 1
a: Renounce Religion


You were on level 5 of the Dungeon.
You worshipped Ashenzari.
Ashenzari was noncommittal.
You visited 1 branch of the dungeon, and saw 5 of its levels.

You collected 188 gold pieces.

Inventory:

Hand Weapons
 a - a +2 rapier of freezing
   (You found it on level 5 of the Dungeon)
 j - a +0 giant club
   (You took it off an ogre on level 5 of the Dungeon)
 u - a +0 morningstar
   (You found it on level 4 of the Dungeon)
 x - a +6 flail of holy wrath (weapon)
   (You took it off Edmund on level 5 of the Dungeon)
Missiles
 t - 7 boomerangs
 w - 7 large rocks (quivered)
 J - 5 atropa-tipped darts
 K - 7 boomerangs of dispersal
Armour
 b - a +0 robe (worn)
Jewellery
 f - a ring of protection from fire (right hand)
   (You found it on level 4 of the Dungeon)
 h - a ring of magical power (left hand)
   (You found it on level 2 of the Dungeon)
Wands
 i - a wand of polymorph (2)
   (You found it on level 2 of the Dungeon)
 V - a wand of flame (7)
   (You took it off Edmund on level 5 of the Dungeon)
Scrolls
 e - a scroll of vulnerability
 g - a scroll of summoning {unknown}
 k - 2 scrolls of fog {unknown}
 l - a scroll of enchant armour {unknown}
 n - a scroll of immolation {unknown}
 r - 2 scrolls of poison {unknown}
 s - a scroll of identify {unknown}
 B - 3 scrolls of blinking
 T - 4 scrolls of teleportation
Potions
 q - a potion of magic {unknown}


   Skills:
 + Level 8.5 Fighting
 + Level 5.9 Maces & Flails
 - Level 2.0 Throwing
 - Level 2.1 Dodging
 + Level 2.7 Spellcasting
 + Level 2.9 Translocations


You had 3 spell levels left.
You knew the following spells:

 Your Spells              Type           Power      Damage    Failure   Level
a - Blink                 Tloc           20%        N/A       10%         2
b - Teleport Other        Tloc           10%        N/A       21%         3
c - Manifold Assault      Tloc           10%        N/A       54%         4

Your spell library contained the following spells:

 Spells                   Type           Power      Damage    Failure   Level
 Apportation              Tloc           20%        N/A       7%          1
 Gell's Gravitas          Tloc           10%        N/A       21%         3
 Lesser Beckoning         Tloc           10%        N/A       21%         3
 Leda's Liquefaction      Hex/Erth       0%         N/A       91%         4
 Summon Lightning Spire   Summ/Air       1%         N/A       91%         4
 Alistair's Intoxication  Tmut/Pois      0%         N/A       99%         5
 Lee's Rapid Deconstruct  Erth           0%         3d5*      99%         5
 Conjure Ball Lightning   Conj/Air       0%         3x3d6     100%        6
 Statue Form              Tmut/Erth      0%         N/A       100%        6
 Storm Form               Tmut/Air       0%         N/A       100%        7
 Discord                  Hex            0%         N/A       100%        8
 Disjunction              Tloc           5%         N/A       100%        8
 Maxwell's Capacitive Co  Air            0%         ∞         100%        8


Dungeon Overview and Level Annotations

Branches:
Dungeon (5/15) Zot: 22435
 Temple: D:4-7

Altars:
Ashenzari
Elyvilon
Okawaru
Sif Muna

Shops:
D:4 :

Annotations:
D:3 2 transporters ogre, drugrobin's ghost, weakling DgDe


Innate Abilities, Weirdness & Mutations

You are too large for most types of armour.
You have tough skin. (AC +1)


Message History

You sock the adder!
The adder is almost dead.
The adder barely misses you.
You miss the adder. Your punch misses the adder.
The adder is almost dead.
The adder closely misses you. The adder barely misses you.
You sock the adder!
You kill the adder!
There is a stone staircase leading up here.
You start resting.
HP restored.
Health restored: 89
Found a runed rapier.
You see here a +2 rapier of freezing.
a - a +2 rapier of freezing You see here a scroll of noise.
An orc is nearby!
Throw: 4 boomerangs
Press: ? - help, Q - select action, (/) - cycle Shift-Dir - straight line, f - orc
Aim: an orc, wielding a +0 short sword and quivering boomerangs (60% to hit)
You throw a boomerang. The boomerang hits the orc!
You kill the orc!
The orc wizard shouts!
Throw: 4 boomerangs
Press: ? - help, Q - select action, (/) - cycle Shift-Dir - straight line, f - orc wizard
Aim: an orc wizard, wielding a +2 dagger of draining and wearing a +0 robe (53% to hit)
You throw a boomerang.
The boomerang hits the orc wizard but does no damage.
Throw: 4 boomerangs
Press: ? - help, Q - select action, (/) - cycle Shift-Dir - straight line, f/p - orc wizard
Aim: an orc wizard, wielding a +2 dagger of draining and wearing a +0 robe (53% to hit)
You throw a boomerang.
The boomerang barely misses the orc wizard.
The orc wizard points at you and mumbles some strange words.
You are confused.
The orc wizard casts a spell at you.
You are more confused.
The orc wizard misses you.
The orc wizard hits you but does no damage.
You feel drained.
You take 2 damage, and have 87/87 hp.
You hit the orc wizard.
The orc wizard is lightly wounded.
The orc wizard closely misses you.
You're too confused to move!
The orc wizard barely misses you.
The orc wizard points at you and mumbles some strange words.
You easily resist.
You're too confused to move!
The orc wizard hits you but does no damage.
You feel drained.
You take 1 damage, and have 86/86 hp.
You bump into the rock wall.
The orc wizard hits you with a +2 dagger of draining.
You feel drained.
You take 2 damage, and have 84/84 hp.
You bump into the rock wall.
The orc wizard hits you with a +2 dagger of draining.
You feel drained.
You take 4 damage, and have 80/83 hp.
You hit the orc wizard.
The orc wizard is heavily wounded.
The orc wizard misses you.
You feel less confused. The orc wizard misses you.
You barely miss the orc wizard.
The orc wizard is heavily wounded.
The orc wizard barely misses you.
You hit the orc wizard.
The orc wizard is severely wounded.
The orc wizard hits you with a +2 dagger of draining.
You feel drained.
You take 3 damage, and have 78/81 hp.
You hit the orc wizard.
You kill the orc wizard!
Things that are here:
a +2 dagger of draining; a +0 robe MP restored: 21 Health restored: 82
t - 7 boomerangs (gained 3)
You see here a +0 short sword.
You pick up a book of Party Tricks and begin reading...
You add the spells Apportation and Alistair's Intoxication to your library.
A killer bee comes into view.
The killer bee moves out of view.
Throw: 8 large rocks
Press: ? - help, Q - select action, (/) - cycle Shift-Dir - straight line, f - killer bee
Aim: a killer bee (wandering, hasn't noticed you, 31% to hit)
You throw a large rock. The large rock misses the killer bee.
The killer bee buzzes angrily.
A killer bee comes into view.
Okay, then.
Okay, then.
You feel protected.
The killer bee buzzes angrily.
The killer bee closely misses you.
You barely miss the killer bee.
The killer bee stings you but does no damage.
The killer bee closely misses you.
The killer bee stings you but does no damage.
You miss the killer bee.
The killer bee stings you but does no damage.
The killer bee stings you. The killer bee misses you.
The killer bee barely misses you.
You take 2 damage, and have 80/82 hp.
You barely miss the killer bee. The killer bee stings you.
The killer bee barely misses you. The killer bee stings you!
The killer bee barely misses you.
You take 12 damage, and have 68/82 hp.
You barely miss the killer bee. The killer bee stings you.
The killer bee closely misses you. The killer bee stings you. x2
The killer bee stings you!
The killer bee stings you but does no damage.
You take 16 damage, and have 52/82 hp.
You miss the killer bee. The killer bee stings you.
You are poisoned.
The killer bee poisons you! The killer bee stings you. x2
The killer bee stings you!
You take 19 damage, and have 33/82 hp.
MASSIVE DAMAGE!!
As you read the scroll of teleportation, it crumbles to dust.
You feel strangely unstable.
You feel sick. The killer bee stings you!
* * * LOW HITPOINT WARNING * * *
You are more poisoned.
The killer bee poisons you! The killer bee stings you!
* * * LOW HITPOINT WARNING * * *
The killer bee stings you.
* * * LOW HITPOINT WARNING * * *
The killer bee stings you.
* * * LOW HITPOINT WARNING * * *
You take 24 damage, and have 9/82 hp.
MASSIVE DAMAGE!!
Casting: Blink (safe; 10% risk of failure)
Confirm with . or Enter, or press ? or * to list all spells.
You blink.
* * * LOW HITPOINT WARNING * * *
You feel sick.
You take 2 damage, and have 7/82 hp.
You now have 19/21 mp.
Casting: Blink (safe; 10% risk of failure)
Confirm with . or Enter, or press ? or * to list all spells.
You are still too unstable to blink.
Okay, then.
It was a potion of flight.
You feel very buoyant.
You fly up into the air.
* * * LOW HITPOINT WARNING * * *
You feel sick. The killer bee barely misses you. The killer bee stings you.
* * * LOW HITPOINT WARNING * * *
The killer bee barely misses you. The killer bee closely misses you.
You take 5 damage, and have 2/82 hp.
It was a potion of haste.
You feel yourself speed up.
Your surroundings suddenly seem different.
You die...

#.......# ####...[...#
#..........# #######.........#
).[.............#
.#######........# ##
##.......## # #........# ##
###.#..##@# .#######...#...#.#
...).##..........#
...........<.....#
##.#.............######
##.###................########
##.........................>.#
...............#.............#
...###.......................#


There were no monsters in sight!

Vanquished Creatures
  Sigmund (D:4)
  Edmund (D:5)
  2 ogres (D:5)
  2 necrophages (D:5)
  A killer bee (D:5)
  4 hounds
  An iguana (D:5)
  3 orc wizards
  Robin (D:4)
  3 adders
  A shadow imp (D:5)
  A worm (D:4)
  A dart slug (D:1)
  11 orcs
  3 ball pythons
  3 bats
  3 endoplasms
  4 giant cockroaches
  18 goblins
  8 hobgoblins
  7 jackals
  4 kobolds
  3 quokkas
  A frilled lizard (D:2)
  2 rats (D:2)
89 creatures vanquished.

Notes
Turn   | Place    | Note
-------+----------+-------------------------------------------
     0 | D:1      | mdonais the Ogre Warper began the quest for the Orb.
     0 | D:1      | Reached XP level 1. HP: 22/22 MP: 3/3
   112 | D:1      | Reached skill level 3 in Fighting
   250 | D:1      | Reached XP level 2. HP: 29/31 MP: 5/5
   253 | D:1      | Learned a level 2 spell: Blink
  1030 | D:1      | Reached XP level 3. HP: 26/39 MP: 6/6
  1034 | D:1      | Learned a level 3 spell: Teleport Other
  2911 | D:3      | Found a transporter.
  3162 | D:3      | Reached skill level 4 in Fighting
  3183 | D:3      | Noticed an ogre
  3338 | D:3      | Noticed an ice beast
  3339 | D:3      | Noticed drugrobin's ghost (weakling DgDe)
  3340 | D:3      | Found a transporter.
  3886 | D:4      | Reached XP level 4. HP: 11/48 MP: 7/7
  4256 | D:4      | Found Vois's Book Emporium.
  4393 | D:4      | Found a white marble altar of Elyvilon.
  4915 | D:4      | Reached XP level 5. HP: 37/55 MP: 8/8
  5037 | D:4      | Noticed Robin
  5040 | D:4      | Killed Robin
  5055 | D:4      | Found an iron altar of Okawaru.
  5104 | D:4      | Found a shimmering blue altar of Sif Muna.
  5186 | D:4      | Reached skill level 5 in Fighting
  5709 | D:4      | Found a broken altar of Ashenzari.
  5715 | D:4      | Became a worshipper of Ashenzari the Shackled
  5731 | D:4      | Noticed Sigmund
  5732 | D:4      | Killed Sigmund
  5733 | D:4      | Reached skill level 6 in Fighting
  5733 | D:4      | Reached XP level 6. HP: 67/67 MP: 9/9
  6051 | D:5      | Entered Level 5 of the Dungeon
  6186 | D:5      | Reached XP level 7. HP: 69/76 MP: 10/10
  6227 | D:5      | Reached skill level 7 in Fighting
  6261 | D:5      | Reached skill level 5 in Maces & Flails
  6389 | D:5      | Noticed Edmund
  6400 | D:5      | Killed Edmund
  6429 | D:5      | Reached skill level 8 in Fighting
  6771 | D:5      | Reached XP level 8. HP: 89/89 MP: 11/11
  6800 | D:5      | Learned a level 4 spell: Manifold Assault
  7455 | D:5      | HP: 2/82 [killer bee (4)]
  7456 | D:5      | Succumbed to a killer bee's poison

Illustrated notes

Levels and vault maps discovered:
D:1:      saegor_arrival_simple_e, layout_basic
D:2:      layout_loops_cross, kennysheep_cluttered_room, grunt_ministairs_1
D:3:      layout_basic, gammafunk_ghost_arena, minmay_ogre_servants
D:4:      layout_basic, lemuel_crystal_altar, kennysheep_mini,
          kennysheep_okawaru_gauntlet, lemuel_doored_altar, serial_shops,
          nicolae_diamond_shop, uniq_robin, uniq_sigmund
D:5:      layout_rooms, zin_angel, uniq_edmund

Skill      XL: |  1  2  3  4  5  6  7 |
---------------+----------------------+-----
Fighting       | 3 4 6 8 |  8.5
Maces & Flails | 2 3 4 5 |  5.9
Throwing       | 2 |  2.0
Dodging        | |  2.1
Spellcasting   | |  2.7
Translocations | |  2.9

Action                   |  1- 3 |  4- 6 |  7- 9 || total
-------------------------+-------+-------+-------++-------
Melee: Mace              |   172 |   124 |    15 ||   311
       Punch             |     1 |       |     1 ||     2
       Flail             |       |       |    47 ||    47
       Giant club        |       |       |    17 ||    17
Throw: Dart              |     6 |     7 |       ||    13
       Large rock        |       |     4 |    14 ||    18
       Boomerang         |       |     2 |    10 ||    12
 Cast: Blink             |     4 |     6 |     2 ||    12
       Teleport Other    |       |     2 |       ||     2
Evoke: Wand              |       |     1 |     2 ||     3
  Use: Scroll            |     2 |     2 |     1 ||     5
       Potion            |     1 |     1 |     4 ||     6
 Stab: Sleeping          |     1 |       |       ||     1
Armor: Robe              |    75 |    31 |    25 ||   131
Dodge: Dodged            |    94 |    51 |    62 ||   207
